 Dungeon Crawl Stone Soup version 0.30-a0-422-g946f4849ff (webtiles) character file.

Game seed: 9178895596969170622

85 Inus the Grave Robber (level 4, -1/31 HPs)
             Began as a Mummy Necromancer on Dec 9, 2022.
             Slain by an orc wizard
             ... wielding a +0 dagger
              (3 damage)
             ... on level 2 of the Dungeon.
             The game lasted 00:04:21 (1998 turns).

Inus the Grave Robber (Mummy Necromancer)           Turns: 1998, Time: 00:04:21

Health: -1/31      AC:  2    Str: 11    XL:     4   Next: 25%
Magic:  2/8        EV: 12    Int: 16    God:
Gold:   105        SH:  0    Dex: 12    Spells: 5/9 levels left

rFire   x . .      SeeInvis .    d - +0 spear
rCold   + . .      Faith    +    (no shield)
rNeg    + + +      Spirit   .    a - +0 robe
rPois   ∞          Reflect  .    (no helmet)
rElec   .          Harm     .    (no cloak)
rCorr   .          Rampage  .    (no gloves)
Will    .....                    (no boots)
Stlth   ++........               (no amulet)
HPRegen 0.25/turn                (no ring)
MPRegen 0.11/turn                (no ring)

@: no status effects
A: cold resistance 1, negative energy resistance 3, torment resistance 2, heat
vulnerability 1, in touch with death 1, no potions, faith
a: no special abilities


You were on level 2 of the Dungeon.
You visited 1 branch of the dungeon, and saw 3 of its levels.

You collected 105 gold pieces.

Inventory:

Hand Weapons
 d - a +0 spear (weapon)
Armour
 a - a +0 robe (worn)
Scrolls
 b - a scroll of teleportation {unknown}
 c - 4 scrolls of identify {unknown}
 e - a scroll of torment {unknown}
 f - 3 scrolls of blinking {unknown}
 g - a scroll of silence {unknown}


   Skills:
 - Level 0.4 Fighting
 - Level 0.2 Short Blades
 - Level 0.3 Polearms
 + Level 2.2 Dodging
 - Level 1.5 Stealth
 + Level 3.3 Spellcasting
 + Level 4.9 Necromancy


You had 5 spell levels left.
You knew the following spells:

 Your Spells              Type           Power      Damage    Failure   Level
a - Necrotise             Necr           100%       1d9       2%          1
b - Vampiric Draining     Necr           27%        2d7       7%          3

Your spell library contained the following spells:

 Spells                   Type           Power      Damage    Failure   Level
 Animate Dead             Necr           27%        N/A       24%         4
 Stone Arrow              Conj/Erth      4%         3d7       50%         3
 Agony                    Necr           27%        N/A       54%         5
 Animate Armour           Summ/Erth      4%         N/A       88%         4
 Lehudib's Crystal Spear  Conj/Erth      1%         10d2      100%        8


Dungeon Overview and Level Annotations

Branches:
Dungeon (3/15)

Altars:
Trog


Innate Abilities, Weirdness & Mutations

You are immune to poison.
Your flesh is cold resistant. (rC+)
You are immune to negative energy. (rN+++)
You are immune to unholy pain and torment.
You are vulnerable to heat. (rF-)
You are in touch with the powers of death.
You do not drink.
You have a special connection with the divine. (Faith)


Message History

Unknown command.
Casting: Necrotise (safe; 2% risk of failure)
Confirm with . or Enter, or press ? or * to list all spells.
Aiming: Necrotise (safe; 2% risk of failure)
Press: ? - help, Shift-Dir - straight line, f/p - orc wizard
Aim: an orc wizard, wielding a +0 dagger and wearing a +0 robe (lightly wounded, chance to affect: 83%)
You feel a surge of power!
The orc wizard writhes in agony.
The orc wizard hits you with a +0 dagger.
Casting: Necrotise (safe; 2% risk of failure)
Confirm with . or Enter, or press ? or * to list all spells.
Aiming: Necrotise (safe; 2% risk of failure)
Press: ? - help, Shift-Dir - straight line, f/p - orc wizard
Aim: an orc wizard, wielding a +0 dagger and wearing a +0 robe (lightly wounded, chance to affect: 83%)
You feel a surge of power!
The orc wizard writhes in agony.
The orc wizard gestures wildly while chanting.
The orc wizard flickers and vanishes!
Deactivating autopickup; reactivate with Ctrl-A.
You aren't carrying any items that you can evoke.
You can't drink.
Unknown command.
There is a fountain of clear blue water here.
There is a stone staircase leading up here.
Something hits you.
You climb upwards.
Reactivating autopickup.
There is a stone staircase leading down here.
Deactivating autopickup; reactivate with Ctrl-A.
You closely miss something. Something hits you.
You miss something. Something hits you.
You closely miss something. Something hits you but does no damage.
You barely miss something. Something barely misses you.
You barely miss something. Something hits you.
You miss something. Something hits you.
You closely miss something. Something hits you.
You hear some strange, mumbled words.
A magic dart appears from out of thin air!
The magic dart hits you!
* * * LOW HITPOINT WARNING * * *
You hit something. Something hits you.
You die...

#.#.###.##..####.......#
#.# #.#.# #..#..#
####.#### #.# #.#.#
##....## #.# #.# #.#.#
##....#### #.# #.#
..#.######......###.#
#.#
....................#
#.#
..#.#####.......#####
#.# ..#.#
#.......###########.#
..#.#
#......{@...........#
..#.#
#......##############
..#.######+#####
...........#
###.######## ###.###
......# ###.#.# #.#.#


There were no monsters in sight!

Vanquished Creatures
  An orc priest (D:3)
  An adder (D:3)
  A worm (D:2)
  2 dart slugs
  2 orcs (D:3)
  3 endoplasms
  2 giant cockroaches
  2 goblins
  3 hobgoblins
  6 kobolds
  2 quokkas (D:1)
  2 ball pythons
  5 bats
  3 rats
35 creatures vanquished.

Vanquished Creatures (collateral kills)
  A bat (D:3)
1 creature vanquished.

Vanquished Creatures (others)
  A hobgoblin (D:1)
  4 toadstools (D:1)
5 creatures vanquished.

Grand Total: 41 creatures vanquished

Notes
Turn   | Place    | Note
-------+----------+-------------------------------------------
     0 | D:1      | Inus the Mummy Necromancer began the quest for the Orb.
     0 | D:1      | Reached XP level 1. HP: 13/13 MP: 4/4
   206 | D:1      | Reached XP level 2. HP: 16/19 MP: 5/5
  1039 | D:2      | Found a bloodstained altar of Trog.
  1203 | D:2      | Gained mutation: You are in touch with the powers of death.
                  | [Mummy growth]
  1203 | D:2      | Reached XP level 3. HP: 23/24 MP: 7/7
  1207 | D:2      | Learned a level 3 spell: Vampiric Draining
  1885 | D:3      | Reached XP level 4. HP: 31/31 MP: 3/8
  1997 | D:2      | HP: 1/31 [something/magic dart (9)]
  1998 | D:2      | Slain by an orc wizard

Illustrated notes

Levels and vault maps discovered:
D:1:      ldierk_walled_garden_2, layout_basic
D:2:      layout_basic, basic_altar, roderic_roman_lattice
D:3:      layout_basic, grunt_ministairs_5, uniq_sigmund

Skill      XL: |  1  2  3 |
---------------+----------+-----
Dodging        | 2 |  2.2
Spellcasting   | 3 |  3.3
Fighting       | |  0.4
Short Blades   | |  0.2
Polearms       | |  0.3
Stealth        | |  1.5
Necromancy     | |  4.9

Action                   |  1- 3 |  4- 6 || total
-------------------------+-------+-------++-------
Melee: Short sword       |    55 |       ||    55
       Spear             |    88 |     8 ||    96
 Cast: Necrotise         |    20 |    11 ||    31
 Stab: Sleeping          |     5 |       ||     5
Armor: Robe              |    36 |     6 ||    42
Dodge: Dodged            |    82 |    13 ||    95

Table legend: (Time is in decaauts)
 A = Elapsed time spent in this place.
 B = Non-inter-level travel time spent in this place.
 C = Inter-level travel time spent in this place.
 D = Time resting spent in this place.
 E = Time spent auto-exploring this place.
 F = Levels seen in this place.
 G = Mean time per level.
                   A        B        C        D        E       F      G
               +--------+--------+--------+--------+--------+-----+--------+
         Total |   2008 |   1848 |    160 |      0 |   1417 |   3 |  669.3 |
       Dungeon |   2008 |   1848 |    160 |      0 |   1417 |   3 |  669.3 |
               +--------+--------+--------+--------+--------+-----+--------+

Top non-repeatable levels by time:
     D:2: 963 daAuts
     D:1: 897 daAuts
     D:3: 147 daAuts
